 Dungeon Crawl Stone Soup version 0.27-a0-279-gdfb9265905 (webtiles) character file.

Game seed: 17486958789023415143

7790 gimp the Grappler (level 11, -6/102 HPs)
             Began as a Troll Earth Elementalist on Feb 7, 2021.
             Was an Initiate of Gozag.
             Mangled by a troll (14 damage)
             ... on level 8 of the Dungeon.
             The game lasted 00:20:44 (10267 turns).

gimp the Grappler (Troll Earth Elementalist)       Turns: 10267, Time: 00:20:45

Health: -6/102     AC:  7    Str: 18      XL:     11   Next: 1%
Magic:  5/11       EV: 14    Int: 14      God:    Gozag
Gold:   1109       SH:  0    Dex:  9 (10) Spells: 4/12 levels left

rFire    . . .     SeeInvis .     - Unarmed
rCold    . . .     Faith    .   (no shield)
rNeg     + . .     Spirit   .   k - +1 robe {Archmagi}
rPois    +         Reflect  .   i - +0 hat "Ekhlosh" {rPois rN+ Slay+5}
rElec    .         Harm     .   (no cloak)
rCorr    .         Rampage  .   (gloves unavailable)
Will     .....                  (boots unavailable)
Stlth    +.........             (no amulet)
HPRegen  0.67/turn              h - +4 ring of evasion
MPRegen  0.12/turn              (no ring)

@: no status effects
A: large, unfitting armour, claws 3, regeneration 1, shaggy fur 1, tough skin 3
a: Renounce Religion, Potion Petition, Call Merchant, Bribe Branch


You were on level 8 of the Dungeon.
You worshipped Gozag.
Gozag was most pleased with you.
You visited 2 branches of the dungeon, and saw 10 of its levels.
You also visited: Ossuary.

You collected 1654 gold pieces.
You spent 465 gold pieces at shops.
You paid 80 gold pieces to Gozag.

Inventory:

Missiles
 b - 322 stones
 p - 45 poisoned darts
 H - 2 throwing nets
Armour
 i - the +0 hat "Ekhlosh" (worn) {rPois rN+ Slay+5}
   (You acquired it on level 9 of the Dungeon)

   It affects your accuracy and damage with ranged weapons and melee attacks
   (+5).
   It protects you from poison.
   It protects you from negative energy.
 k - a +1 robe of the Archmagi (worn)
 B - a +0 robe of fire resistance
Jewellery
 h - a +4 ring of evasion (left claw)
Wands
 n - a wand of digging (5)
 v - a wand of iceblast (6)
 w - a wand of random effects (22)
 y - a wand of charming (10)
 z - a wand of polymorph (6)
 I - a wand of acid (20)
Scrolls
 a - 4 scrolls of enchant weapon
 d - 4 scrolls of remove curse
 e - 2 scrolls of enchant armour
 f - 3 scrolls of amnesia
 l - a scroll of fog
 t - 5 scrolls of teleportation
 x - 2 scrolls of fear
 C - a scroll of blinking
 E - a scroll of magic mapping
Potions
 c - a potion of attraction
 g - 7 potions of brilliance
 j - a potion of cancellation
 m - 3 potions of ambrosia
 o - a potion of lignification
 q - a potion of mutation
 r - 2 potions of resistance
 s - 2 potions of haste
 u - 2 potions of berserk rage
 A - 2 potions of heal wounds
 F - a potion of flight
 J - a potion of might
Miscellaneous
 G - a lightning rod (4/4)


   Skills:
 - Level 5.0 Fighting
 + Level 2.5 Dodging
 - Level 1.0 Stealth
 * Level 9.3 Unarmed Combat
 - Level 1.2 Spellcasting
 - Level 5.0 Conjurations
 * Level 3.9 Transmutations
 * Level 9.0 Earth Magic


You had 4 spell levels left.
You knew the following spells:

 Your Spells              Type           Power        Failure   Level
a - Stone Arrow           Conj/Erth      60%          4%          3
b - Sandblast             Erth           78%          1%          1
c - Petrify               Tmut/Erth      28%          19%         4

Your spell library contained the following spells:

 Spells                   Type           Power        Failure   Level
 Passwall                 Tmut/Erth      23%          2%          2
 Confusing Touch          Hex            1%           61%         3
 Gell's Gravitas          Tloc           0%           61%         3
 Lee's Rapid Deconstruct  Erth           19%          17%         5
 Yara's Violent Unravell  Hex/Tmut       4%           97%         5
 Metabolic Englaciation   Hex/Ice        0%           100%        5
 Borgnjor's Revivificati  Necr           0%           100%        8
 Infestation              Necr           0%           100%        8
 Necromutation            Tmut/Necr      4%           100%        8
 Death's Door             Necr           0%           100%        9


Dungeon Overview and Level Annotations

Branches:
Dungeon (9/15)             Temple (1/1) D:6             Orc (0/2) D:9
Ossuary (visited)
   Lair: D:8-11

Altars:
Ashenzari
Cheibriados
Dithmenos
Elyvilon
Fedhas
Gozag
Hepliaklqana
Kikubaaqudgha
Makhleb
Okawaru
Qazlal
Sif Muna
Trog
Uskayaw
Vehumet
Wu Jian
Xom
Yredelemnul
Zin
The Shining One

Shops:
D:4 *   D:7 *

Portals:
Abyss: D:4

Annotations:
D:4 2 transporters, pigah's ghost, amateur OpWn
D:9 exclusion: obsidian statue


Innate Abilities, Weirdness & Mutations

You are too large for most types of armour.
You have claws for hands.
Your natural rate of healing is unusually fast.
You are covered in fur. (AC +1)
You have extremely tough skin. (AC +3)


Message History

Your magical contamination has completely faded away.
The troll bites you!
* * * LOW HITPOINT WARNING * * *
The troll barely misses you. The troll claws you.
* * * LOW HITPOINT WARNING * * *
You take 17 damage, and have 22/102 hp.
The death knight offers itself to Yredelemnul, and fills with unholy energy.
There is a stone staircase leading up here.
The death knight's dark mirror aura disappears.
There is a stone staircase leading up, spattered with blood here.
The troll bites you. The troll claws you. The troll claws you!
* * * LOW HITPOINT WARNING * * *
You climb upwards.
There is a stone staircase leading down here.
You take 21 damage, and have 18/102 hp.
MASSIVE DAMAGE!!
The troll bites you!
* * * LOW HITPOINT WARNING * * *
The troll claws you!
You die...
Your body crumbles into a pile of gold.

#.# #)#....#. #.# #)#.)..##
#.###### #)#...... #.##.#.##
#.#...... #.#.....# #.#......
########.##.#.## #.#......
.........#.....# #.#######
(##########.#.###########....#
.# #####.....>@...)..###...#
.#
#....#.#.#T######.###.).####
.#
#..........'............'...
.#
#....#.#.#.######..##...##.#
.# #..........# ##.##...##.#
.# #..?.#.#.#.# #.#######.# .#
#..........# #..# #.# .#
###....#>#.#[# ##.# ###.#
.###...........## #.## #....


You could see a troll.

Vanquished Creatures
  Harold (D:8)
  Pikel (D:5)
  A troll (D:9)
  Prince Ribbit (D:8)
  A hornet (D:9)
  Sigmund (D:2)
  6 yaks (D:8)
  2 wraiths (Ossuary)
  Grum (D:8)
  Duvessa (D:7)
  A water moccasin (D:8)
  3 orc warriors
  2 sky beasts
  4 ice beasts
  2 wolves (D:8)
  2 centaurs (D:8)
  An ogre (D:8)
  A phantom (D:4)
  A big kobold (D:8)
  5 bullfrogs
  Dowan (D:7)
  A wyvern skeleton (D:8)
  2 scorpions
  8 killer bees
  11 wights
  3 electric eels (D:8)
  2 howler monkeys
  4 quasits
  A centaur zombie (Ossuary)
  3 bullfrog skeletons
  2 centaur skeletons
  A jelly (D:5)
  8 orc priests
  2 hounds
  Jessica (D:2)
  Ijyb (D:5)
  Terence (D:2)
  4 iguanas
  7 worker ants
  10 orc wizards
  Robin (D:2)
  A howler monkey zombie (D:6)
  7 adders
  2 white imps
  3 ufetubi
  An adder skeleton (D:8)
  An adder zombie (D:5)
  2 worms
  7 leopard geckos
  38 orcs
  6 giant cockroaches
  17 goblins
  9 hobgoblins
  8 jackals
  2 quokkas
  A ball python (D:8)
  A ball python skeleton (Ossuary)
  5 bats
  5 frilled lizards
  2 hobgoblin skeletons (Ossuary)
  2 hobgoblin zombies (Ossuary)
  10 kobolds
  A kobold zombie (Ossuary)
  A leopard gecko skeleton (D:5)
  2 orc skeletons (Ossuary)
  A quokka skeleton (D:3)
  8 rats
255 creatures vanquished.

Notes
Turn   | Place    | Note
-------+----------+-------------------------------------------
     0 | D:1      | gimp the Troll Earth Elementalist began the quest for the
                  | Orb.
     0 | D:1      | Reached XP level 1. HP: 16/16 MP: 1/1
   221 | D:1      | Reached XP level 2. HP: 24/24 MP: 2/2
   234 | D:1      | Reached skill level 1 in Unarmed Combat
   870 | D:2      | Noticed an orc warrior
   953 | D:2      | Found a glowing golden altar of the Shining One.
   953 | D:2      | Noticed Sigmund
  1031 | D:2      | Killed Sigmund
  1032 | D:2      | Reached skill level 1 in Fighting
  1032 | D:2      | Reached XP level 3. HP: 33/33 MP: 3/3
  1032 | D:2      | Reached XP level 4. HP: 41/41 MP: 4/4
  1032 | D:2      | Reached XP level 5. HP: 48/48 MP: 5/5
  1135 | D:2      | Noticed Terence
  1146 | D:2      | Killed Terence
  1300 | D:2      | Noticed Jessica
  1311 | D:2      | Killed Jessica
  1342 | D:2      | Noticed Robin
  1370 | D:2      | Killed Robin
  1371 | D:2      | Reached XP level 6. HP: 52/57 MP: 6/6
  1413 | D:2      | Learned a level 3 spell: Stone Arrow
  1568 | D:3      | Found an iron altar of Okawaru.
  1643 | D:3      | Found a faded altar of an unknown god.
  2323 | D:4      | Found a radiant altar of Vehumet.
  2450 | D:4      | Reached skill level 1 in Conjurations
  2508 | D:4      | Reached XP level 7. HP: 65/65 MP: 1/7
  2715 | D:4      | Reached skill level 5 in Earth Magic
  2807 | D:4      | Found Teuto's Assorted Antiques.
  2813 | D:4      | Bought a scroll labelled UVERUQ VYPELI for 24 gold pieces
  2813 | D:4      | Bought a white potion for 21 gold pieces
  3147 | D:4      | Noticed a small abomination
  3149 | D:4      | Identified the +5 whip of Cyrph {distort, Fragile rC+
                  | Int+6}
  3151 | D:4      | Noticed pigah's ghost (amateur OpWn)
  3156 | D:4      | Found a transporter.
  3180 | D:4      | Found a transporter.
  3257 | D:4      | Found a one-way gate to the infinite horrors of the Abyss.
  3330 | D:4      | Found a stormy altar of Qazlal.
  3428 | D:5      | Entered Level 5 of the Dungeon
  3442 | D:5      | Found a sand-covered staircase.
  3457 | Ossuary  | Entered an ossuary
  3523 | Ossuary  | Reached skill level 5 in Unarmed Combat
  3585 | Ossuary  | Noticed a wraith
  3585 | Ossuary  | Noticed a flying skull
  3592 | Ossuary  | Noticed a flying skull
  3622 | Ossuary  | Noticed a flying skull
  3653 | Ossuary  | Noticed a wraith
  3671 | Ossuary  | Killed a wraith
  3672 | Ossuary  | Reached XP level 8. HP: 67/74 MP: 2/8
  3733 | Ossuary  | Noticed a flying skull
  3997 | D:5      | Noticed Ijyb
  4008 | D:5      | Killed Ijyb
  4668 | D:6      | Noticed Pikel
  4727 | D:5      | Killed Pikel
  4728 | D:5      | Reached XP level 9. HP: 52/84 MP: 2/9
  5218 | D:6      | Found a hazy altar of Hepliaklqana.
  5219 | D:6      | Found a staircase to the Ecumenical Temple.
  5228 | Temple   | Entered the Ecumenical Temple
  5303 | Temple   | Became a worshipper of Gozag Ym Sagoz the Greedy
  5549 | D:7      | Noticed Duvessa
  5549 | D:7      | Noticed Dowan
  5587 | D:7      | Killed Duvessa
  5590 | D:7      | Killed Dowan
  5740 | D:7      | Learned a level 4 spell: Petrify
  6150 | D:7      | Found Ishromido's General Store.
  6409 | D:7      | Found a blossoming altar of Fedhas.
  6724 | D:8      | Reached skill level 5 in Conjurations
  6829 | D:8      | Noticed Grum
  6847 | D:8      | Reached skill level 1 in Transmutations
  6938 | D:8      | Killed Grum
  7019 | D:8      | Reached XP level 10. HP: 72/94 MP: 0/10
  7255 | D:7      | Bought a lightning rod (4/4) for 420 gold pieces
  7339 | D:8      | Noticed Harold
  7374 | D:8      | Killed Harold
  8181 | D:8      | Reached skill level 5 in Fighting
  8630 | D:9      | Paralysed by a hornet for 1 turns
  8631 | D:9      | Noticed a death knight
  8867 | D:9      | Noticed Prince Ribbit
  9066 | D:8      | Killed Prince Ribbit
  9528 | D:9      | Identified a scroll of acquirement
  9529 | D:9      | Acquired the +0 hat "Ekhlosh" {rPois rN+ Slay+5}
  9680 | D:9      | Found a staircase to the Orcish Mines.
  9708 | D:9      | Noticed an obsidian statue
  9775 | D:9      | Found a burning altar of Makhleb.
  9943 | D:9      | Reached XP level 11. HP: 92/102 MP: 4/11
 10267 | D:8      | Mangled by a troll

Illustrated notes

Levels and vault maps discovered:
D:1:      ncdulo_smallfort, layout_basic, ebering_dispersal_statue_hall,
          grunt_decor_resistance, minmay_ruptured
D:2:      layout_loops_ring, nicolae_overflow_crystal_walls,
          gammafunk_temple_overflow_elements, uniq_robin, uniq_sigmund,
          uniq_terence, uniq_jessica, uniq_crazy_yiuf_cottage
D:3:      layout_loops_ring, old_standard_altar,
          chequers_ecumenical_altar_simple_redux
D:4:      layout_loops_ring, lemuel_round_altar, vehumet_crystals,
          gammafunk_ghost_abyssal_escape, serial_shops, shop
D:5:      layout_basic, nicolae_ossuary_entry_ruins, uniq_ijyb
D:6:      minmay_cornered_nines, layout_gridville,
          nicolae_overflow_hidden_temple, minmay_temple_entry_butterflies,
          uniq_pikel
D:7:      layout_basic, serial_shops, nicolae_shop_behind_doors, fedhas_altar_1,
          uniq_duvessa
D:8:      layout_basic, minmay_crystal_water, st_stairs_13, minivault_14,
          kennysheep_generic_room_2, uniq_grum, uniq_harold
D:9:      minmay_goldmine, layout_rooms, marbit_many_paths,
          minmay_protected_statue, uniq_prince_ribbit1
Temple:   nicolae_temple_great_sept

Skill      XL: |  1  2  3  4  5  6  7  8  9 10 |
---------------+-------------------------------+-----
Unarmed Combat | 3 4 5 6 7 9 |  9.3
Earth Magic    | 4 5 6 7 9 |  9.0
Fighting       | 1 2 3 4 5 |  5.0
Conjurations   | 1 2 3 5 |  5.0
Transmutations | 1 3 |  3.9
Dodging        | 2 |  2.5
Stealth        | |  1.0
Spellcasting   | |  1.2

Action                   |  1- 3 |  4- 6 |  7- 9 | 10-12 || total
-------------------------+-------+-------+-------+-------++-------
Melee: Unarmed           |    82 |   185 |   236 |   179 ||   682
       Punch             |       |       |     8 |     5 ||    13
 Cast: Sandblast         |     3 |    12 |   107 |     5 ||   127
       Stone Arrow       |       |       |    20 |    46 ||    66
       Petrify           |       |       |       |     2 ||     2
  Use: Scroll            |       |       |    17 |    12 ||    29
       Potion            |       |       |     1 |     1 ||     2
 Stab: Sleeping          |       |     3 |     1 |       ||     4
       Distracted        |       |       |       |     2 ||     2
Armor: Robe              |    23 |    41 |    59 |    67 ||   190
       Skin              |       |       |     4 |       ||     4
Dodge: Dodged            |    41 |   125 |   143 |   114 ||   423

Table legend: (Time is in decaauts)
 A = Elapsed time spent in this place.
 B = Non-inter-level travel time spent in this place.
 C = Inter-level travel time spent in this place.
 D = Time resting spent in this place.
 E = Time spent auto-exploring this place.
 F = Levels seen in this place.
 G = Mean time per level.
                   A        B        C        D        E       F      G
               +--------+--------+--------+--------+--------+-----+--------+
         Total |  10254 |   9739 |    515 |    505 |   7045 |  11 |  932.2 |
       Dungeon |   9707 |   9201 |    506 |    505 |   6696 |   9 | 1078.6 |
        Temple |     85 |     76 |      9 |      0 |     67 |   1 |   85.0 |
       Ossuary |    460 |    460 |      0 |      0 |    281 |   1 |  460.0 |
               +--------+--------+--------+--------+--------+-----+--------+

Top non-repeatable levels by time:
     D:8: 2362 daAuts
     D:7: 1226 daAuts
     D:9: 1204 daAuts
     D:4: 1145 daAuts
     D:1: 946 daAuts
     D:5: 861 daAuts
     D:3: 728 daAuts
     D:6: 637 daAuts
     D:2: 594 daAuts
 Ossuary: 460 daAuts
  Temple: 85 daAuts
